 Dungeon Crawl Stone Soup version 0.32-a0-975-g85d4e5bfdb (webtiles) character file.

Game seed: 14492863262402026975

21 kae the Changeling (level 2, -1/21 HPs)
             Began as a Demonspawn Shapeshifter on Apr 18, 2024.
             Splashed by a jelly's acid (5 damage)
             ... on level 2 of the Dungeon.
             The game lasted 00:00:20 (375 turns).

kae the Changeling (Demonspawn Shapeshifter)         Turns: 375, Time: 00:00:20

Health: -1/21      AC:  2    Str: 14    XL:     2   Next: 62%
Magic:  2/2        EV: 11    Int: 10    God:
Gold:   39         SH:  0    Dex: 12    Spells: 1/1 levels left

rFire   . .          .
                       - Unarmed
rCold   . . .        (no shield)
rNeg    . . .        a - +0 animal skin
rPois   .            (helmet currently unavailable)
rElec   .            (cloak currently unavailable)
rCorr   .            (gloves currently unavailable)
SInv    .            (boots currently unavailable)
Will    .....        (no amulet)
Stlth   +            (no ring)
HPRegen 0.23/turn    (no ring)
MPRegen 0.08/turn

%: no passive effects
@: beast-form
A: beast (slay +1), antennae 1
a: Begin Untransformation


You were on level 2 of the Dungeon.
You were a hulking beast.
You visited 1 branch of the dungeon, and saw 2 of its levels.

You collected 39 gold pieces.


Innate Abilities, Weirdness & Mutations

You are a hulking beast.
Your limbs bulge with bestial killing power. (Slay +1)
You have a pair of small antennae on your head.


   Skills:
 - Level 1.0 Fighting
 - Level 1.7 Dodging
 + Level 3.0 Unarmed Combat
 * Level 3.2 Shapeshifting


You had one spell level left.
You didn't know any spells.
Your spell library contained the following spells:

 Spells                   Type           Power      Damage    Failure   Level
 Blink                    Tloc           0%         N/A       50%         2
 Lesser Beckoning         Tloc           0%         N/A       50%         2
 Momentum Strike          Conj/Tloc      0%         3d8       50%         2

Inventory:

Missiles
 h - 6 stones (quivered)
Armour
 a - a +0 animal skin (worn)
Talismans
 c - a beast talisman (active)
 d - a flux talisman
Scrolls
 e - a scroll of blinking {unknown}
 f - a scroll of identify {unknown}
 g - a scroll of revelation {unknown}
Potions
 b - a potion of lignification {!q}

Dungeon Overview and Level Annotations

Branches:
Dungeon (1/15) Zot: 11627

Altars:

Shops:
D:1

== #.# #.#
#.#############
#.............#
#
#..##########.#
#. #.†# #.#
.##..####..#
#.#
...........#
#.# ++...?h#.##
########.#
+..[.J#.#
#........#
+..#..#.#
#.######## +.
#..#.# #.# +
#..#.# #.#
#..#.# #.#
#....# #.# #..#
#.## #..##


You could see a jelly.


Message History

You barely miss the kobold. The kobold barely misses you.
A kobold is nearby!
You hit the kobold.
A goblin comes into view. It is wielding a +0 dagger.
The kobold barely misses you.
You punch the kobold!
You kill the kobold!
A goblin is nearby!
A goblin is nearby!
The goblin misses you.
You barely miss the goblin. The goblin misses you.
A goblin is nearby!
You hit the goblin. The goblin barely misses you.
You hit the goblin.
You kill the goblin!
Your Unarmed Combat skill increases to level 3!
h - 6 stones
Things that are here:
a +0 dagger; a goblin corpse You now have 39 gold pieces (gained 5).
A goblin comes into view. It is wielding a +0 dagger.
The goblin shouts!
A giant cockroach comes into view.
There are monsters nearby!
The giant cockroach waves its antennae.
The goblin hits you with a +0 dagger.
You hit the goblin.
You kill the goblin!
A giant cockroach is nearby!
A giant cockroach is nearby!
You hit the giant cockroach.
The giant cockroach bites you but does no damage.
You closely miss the giant cockroach. The giant cockroach barely misses you.
A giant cockroach is nearby!
You barely miss the giant cockroach. Your punch misses the giant cockroach.
The giant cockroach bites you.
You closely miss the giant cockroach. The giant cockroach closely misses you.
The giant cockroach completely misses you.
A giant cockroach is nearby!
You hit the giant cockroach. The giant cockroach closely misses you.
You hit the giant cockroach.
You kill the giant cockroach!
You see here a +0 robe.
Key pressed, stopping explore.
No target in view!
No target in view!
A hobgoblin comes into view.
The hobgoblin shouts!
Found Ettuicve's Jewellery Shop.
A hobgoblin is nearby!
The hobgoblin misses you.
You hit the hobgoblin. The hobgoblin hits you. 😕 HP[-2]
You take 2 damage, and now have 19/21 hp.
A hobgoblin is nearby!
You barely miss the hobgoblin. The hobgoblin completely misses you.
You hit the hobgoblin.
You kill the hobgoblin!
You see here a hobgoblin corpse.
A malevolent force fills the Dungeon...
You fall into a shaft and drop 1 floor!
The shaft crumbles and collapses. 😎 HP[+2]
Your hp is fully restored (21).
An endoplasm comes into view.
An endoplasm is nearby!
The endoplasm quivers.
The endoplasm hits you but does no damage.
You barely miss the endoplasm. You punch the endoplasm!
You kill the endoplasm!
No target in view!
You pick up a book of Spatial Translocations and begin reading...
You add the spells Blink, Momentum Strike and Lesser Beckoning to your library.
No target in view!
No target in view!
Found a stone staircase leading down.
There is a stone staircase leading down here.
You sense a monster nearby.
A quokka comes into view.
A quokka is nearby!
The helpless quokka fails to defend itself.
You punch the quokka!
You kill the quokka!
No target in view!
No target in view!
A jelly comes into view.
You hit the jelly.
Your hands burn!
The jelly hits you.
You are splashed with acid!
* * * LOW HITPOINT WARNING * * *
😨 HP[-15]
You take 15 damage, and now have 6/21 hp.
MASSIVE DAMAGE!! (PAUSE)
You hit the jelly.
Your hands burn!
* * * LOW HITPOINT WARNING * * *
The jelly closely misses you. 😱 HP[-2]
You take 2 damage, and now have 4/21 hp.
You hit the jelly.
Your hands burn!
You die...

Skill      XL: |  1  2 |
---------------+-------+-----
Shapeshifting  | 3 |  3.2
Unarmed Combat | 3 |  3.0
Fighting       | |  1.0
Dodging        | |  1.7

Action                     || total
---------------------------++-------
  Melee: Unarmed           ||    36
   Stab: Sleeping          ||     1
 Armour: Animal skin       ||     8
  Dodge: Dodged            ||    19

Levels and vault maps discovered:
D:1:      saegor_arrival_simple_e, layout_rooms, serial_shops,
          nicolae_shop_behind_doors, shop, nicolae_shop_dealshenge,
          nicolae_shop_gaudy_bauble, nicolae_shop_drivethru
D:2:      layout_loops_ring, hellmonk_ecumenical_altar_heavens_door

Notes
Turn   | Place    | Note
-------+----------+-------------------------------------------
     0 | D:1      | kae the Demonspawn Shapeshifter began the quest for the
                  | Orb.
     0 | D:1      | Reached XP level 1. HP: 15/15 MP: 1/1
     0 | D:1      | magus.rc [v1.11.3]
    67 | D:1      | Found Pyam's Jewellery Shoppe.
   107 | D:1      | Reached skill level 3 in Shapeshifting
   107 | D:1      | Gained mutation: You have a pair of small antennae on your
                  | head. [demonic ancestry]
   107 | D:1      | Reached XP level 2. HP: 18/21 MP: 2/2
   228 | D:1      | Reached skill level 3 in Unarmed Combat
   272 | D:1      | Found Ettuicve's Jewellery Shop.
   288 | D:1      | You fall into a shaft and drop 1 floor!
   309 | D:2      | You pick up a book of Spatial Translocations and begin
                  | reading...
   309 | D:2      | You add the spells Blink, Momentum Strike and Lesser
                  | Beckoning to your library.
   374 | D:2      | HP: 3/21 [acid (3)]
   375 | D:2      | Splashed by a jelly's acid

Vanquished Creatures
  2 dart slugs (D:1)
  3 endoplasms
  A giant cockroach (D:1)
  3 goblins (D:1)
  A hobgoblin (D:1)
  2 kobolds (D:1)
  A quokka (D:2)
13 creatures vanquished.

Table legend:
 A = Non-vault XP
 B = Vault XP
 C = Vault XP percentage of total XP
 D = Non-vault monster count
 E = Vault monster count
 F = Vault count percentage of total count
                 A         B        C        D         E       F
            +---------+---------+-------+---------+---------+-------
      Total |      30 |       0 |   0.0 |      13 |       0 |   0.0
            +---------+---------+-------+---------+---------+-------
        D:1 |      26 |       0 |   0.0 |      11 |       0 |   0.0
        D:2 |       4 |       0 |   0.0 |       2 |       0 |   0.0
            +---------+---------+-------+---------+---------+-------

Skill      XL: |  1  2 |
---------------+-------+-----
Shapeshifting  | 3 |  3.2
Unarmed Combat | 3 |  3.0
Fighting       | |  1.0
Dodging        | |  1.7

Action                     || total
---------------------------++-------
  Melee: Unarmed           ||    36
   Stab: Sleeping          ||     1
 Armour: Animal skin       ||     8
  Dodge: Dodged            ||    19

Illustrated notes

Table legend:
 A = Kills in this place as a percentage of kills in the entire game.
 B = Kills by you in this place as a percentage of kills by you in the entire game.
 C = Kills by friends in this place as a percentage of kills by friends in the entire game.
 D = Other kills in this place as a percentage of other kills in the entire game.
 E = Experience gained in this place as a percentage of experience gained in the entire game.
 F = Experience gained in this place divided by the number of levels of this place that you have seen.
                   A       B       C       D       E      F
               +-------+-------+-------+-------+-------+----------------------
         Total | 100.0 | 100.0 |   N/A |   N/A | 100.0 |  15.0
       Dungeon | 100.0 | 100.0 |   N/A |   N/A | 100.0 |  15.0
               +-------+-------+-------+-------+-------+----------------------

Table legend: (Time is in decaauts)
 A = Elapsed time spent in this place.
 B = Non-inter-level travel time spent in this place.
 C = Inter-level travel time spent in this place.
 D = Time resting spent in this place.
 E = Time spent auto-exploring this place.
 F = Levels seen in this place.
 G = Mean time per level.
                   A        B        C        D        E       F      G
               +--------+--------+--------+--------+--------+-----+--------+
         Total |    373 |    373 |      0 |     44 |    234 |   2 |  186.5 |
       Dungeon |    373 |    373 |      0 |     44 |    234 |   2 |  186.5 |
               +--------+--------+--------+--------+--------+-----+--------+

Top non-repeatable levels by time:
     D:1: 286 daAuts
     D:2: 86 daAuts
